 Dungeon Sprint DCSS version 0.19.1 (webtiles) character file.

58 Groucho the Skirmisher (level 3, -5/31 HPs)
             Began as a Demonspawn Berserker on Dec 15, 2016.
             Was a Believer of Trog.
             Killed from afar by an oklob sapling (14 damage)
             ... with a splash of acid
             ... in the Dungeon (Sprint IV: "Fedhas' Mad Dash").
             The game lasted 00:01:35 (736 turns).

Groucho the Skirmisher (Demonspawn Berserker)        Turns: 736, Time: 00:01:36

Health: -5/31      AC:  2    Str: 17    XL:     3   Next: 75%
Magic:  4/5        EV: 13    Int:  8    God:    Trog [**....]
Gold:   39         SH:  0    Dex: 13    Spells: 0 memorised, 2 levels left

rFire  . . .     SeeInvis .     a - +0 spear
rCold  . . .     Gourm    .     b - +0 animal skin
rNeg   . . .     Faith    .     (no shield)
rPois  .         Spirit   .     (no helmet)
rElec  .         Reflect  .     (no cloak)
rCorr  .         Harm     .     (no gloves)
MR     .....     NoTele   +     (no boots)
Stlth  +.........               h - amulet of invisibility {+Inv}
                                (no ring)
                                (no ring)

@: very slightly contaminated, invisible
A: hooves 1, powered by death 1
a: Berserk, Trog's Hand, Burn Spellbooks, Renounce Religion, Turn Visible


You were in the Dungeon.
You worshipped Trog.
Trog was pleased with you.
You were not hungry.

You visited 1 branch You collected 39 gold pieces.

Inventory:

Hand Weapons
 a - a +0 spear (weapon)
Armour
 b - a +0 animal skin (worn)
Jewellery
 e - an uncursed ring of fire
 h - the amulet of invisibility (around neck) {+Inv}
   (You found it in the Dungeon)

   [amulet of nothing]

   It lets you turn invisible.
Potions
 d - 2 potions of curing
 f - a potion of haste
 g - 2 potions of magic


   Skills:
 - Level 4.4 Fighting
 + Level 4.4 Polearms
 - Level 3.2 Armour
 - Level 3.1 Dodging
 * Level 3.0 Evocations


You had 2 spell levels left.
You didn't know any spells.

Dungeon Overview and Level Annotations

Branches:
Dungeon (1/1)

Altars:

Annotations:
D exclusion: oklob sapling


Innate Abilities, Weirdness & Mutations

You have large cloven feet.
You regenerate a little health from kills.


Message History

Marking area around the oklob sapling as unsafe for travelling.
An oklob sapling comes into view.
Found 10 gold pieces.
Found 16 gold pieces.
There is an open door here.
The helpless oklob sapling fails to defend itself.
You hit the oklob sapling but do no damage.
You hit the oklob sapling but do no damage.
You kick the oklob sapling, but do no damage.
You catch the helpless oklob sapling completely off-guard!
You hit the oklob sapling but do no damage.
The oklob sapling spits acid at you. The splash of acid hits you!
You are splashed with acid!
The acid burns!
* * * LOW HITPOINT WARNING * * *
You catch the helpless oklob sapling completely off-guard!
You hit the oklob sapling but do no damage.
You kick the oklob sapling, but do no damage.
The oklob sapling spits acid at you. The splash of acid hits you!
You die...

##################
#<..P#.....#.....#
#PP..'.....'.#.(.+
#PPPP#.....#.#...#
###############'##
+.@.# #$P$# #####


You could see an oklob sapling.

Vanquished Creatures
  An oklob sapling (D)
  A worker ant (D)
  A river rat (D)
  A rat (D)
4 creatures vanquished.

Notes
Turn   | Place    | Note
-------+----------+-------------------------------------------
     0 | D        | Groucho the Demonspawn Berserker began the quest for the Orb.
     0 | D        | Reached XP level 1. HP: 18/18 MP: 1/1
    15 | D        | Gained mutation: You regenerate a little health from kills. [demonic ancestry]
    15 | D        | Reached XP level 2. HP: 24/24 MP: 2/2
   295 | D        | Reached ** piety under Trog
   295 | D        | Gained mutation: You have large cloven feet. [demonic ancestry]
   295 | D        | Reached XP level 3. HP: 29/31 MP: 3/3
   505 | D        | Noticed an oklob sapling
   519 | D        | Killed an oklob sapling
   730 | D        | Noticed an oklob sapling
   736 | D        | Killed from afar by an oklob sapling

Skill      XL: |  1  2  3 |
---------------+----------+-----
Polearms       | 3 4 |  4.4
Armour         | 2 3 |  3.2
Dodging        | 2 3 |  3.1
Fighting       | 4 |  4.4
Evocations     | 3 |  3.0

Action                   || total
-------------------------++-------
Melee: Spear             ||    27
       Kick              ||     5
Invok: Berserk           ||     2
       Trog's Hand       ||     1
 Abil: Evoke Invisibilit ||     2
  Use: Potion            ||     2
       Scroll            ||     1
 Stab: Invisible         ||     2
       Sleeping          ||     1
  Eat: Bread ration      ||     1
Dodge: Dodged            ||     6
